 Dungeon Crawl Stone Soup version 0.29.0-15-g675c0067aa (webtiles) character file.

Game seed: 3515878947999748739

6148 RascalDebosk the Fighter (level 10, -16/91 HPs)
             Began as a Minotaur Berserker on Sept 11, 2022.
             Was a Priest of Trog.
             Demolished by an orc warlord
             ... wielding a +4 executioner's axe
              (25 damage)
             ... in a bailey.
             The game lasted 00:45:49 (10232 turns).

RascalDebosk the Fighter (Minotaur Berserker)      Turns: 10232, Time: 00:45:49

Health: -16/91     AC: 18    Str: 25    XL:     10   Next: 59%
Magic:  0/9        EV:  8    Int:  6    God:    Trog [***...]
Gold:   289        SH:  0    Dex:  9    Spells: 9/9 levels left

rFire   . . .      SeeInvis .   v - +2 battleaxe
rCold   . . .      Faith    .   (shield currently unavailable)
rNeg    . . .      Spirit   +   t - +1 plate armour
rPois   .          Reflect  .   (helmet restricted)
rElec   .          Harm     .   (no cloak)
rCorr   .          Rampage  .   (no gloves)
Will    .....                   I - +2 pair of boots
Stlth   ..........              E - amulet of guardian spirit
HPRegen 0.25/turn               q - ring of flight
MPRegen 0.11/turn               (no ring)

@: on berserk cooldown, flying, slowed, very slow
A: horns 2, retaliatory headbutt
a: Renounce Religion, Berserk, Trog's Hand


You were in a bailey.
You worshipped Trog.
Trog was most pleased with you.
You visited 2 branches of the dungeon, and saw 10 of its levels.
You also visited: Bailey.

You collected 598 gold pieces.
You spent 309 gold pieces at shops.

Inventory:

Hand Weapons
 e - a +3 flail of holy wrath
 v - a +2 battleaxe (weapon)
Missiles
 f - 11 atropa-tipped darts (quivered)
 s - 3 javelins
 u - 2 silver boomerangs
 x - 2 curare-tipped darts
 y - a boomerang
 A - 19 poisoned darts
Armour
 t - a +1 plate armour (worn)
 I - a +2 pair of boots (worn)
Jewellery
 q - a ring of flight (left hand)
 E - an amulet of guardian spirit (around neck)
Wands
 w - a wand of paralysis (7)
 z - a wand of flame (37)
 B - a wand of digging (5)
 D - a wand of iceblast (5)
 J - a wand of mindburst (21)
Scrolls
 a - a scroll of magic mapping
 b - a scroll of enchant armour
 c - 4 scrolls of butterflies
 i - 3 scrolls of fear
 n - 5 scrolls of teleportation
 p - 3 scrolls of blinking
 F - a scroll of summoning {unknown}
 H - 2 scrolls of vulnerability
Potions
 d - a potion of flight
 g - 2 potions of curing
 h - a potion of resistance
 j - 2 potions of mutation {unknown}
 k - a potion of haste {unknown}
 l - a potion of magic {unknown}
 m - 2 potions of lignification
 o - 3 potions of attraction
 r - a potion of degeneration {unknown}
 C - a potion of invisibility {unknown}
 G - a potion of might


   Skills:
 + Level 9.4 Fighting
 + Level 9.4 Axes
 + Level 6.9 Throwing
 + Level 9.0 Armour
 - Level 2.8 Dodging
 + Level 6.3 Evocations


You had 9 spell levels left.
You didn't know any spells.
Your spell library was empty.

Dungeon Overview and Level Annotations

Branches:
Dungeon (9/15)             Temple (1/1) D:6          Bailey (1/1)
   Lair: D:8-11         Orc: D:9-12

Altars:
Ashenzari
Cheibriados
Elyvilon
Fedhas
Gozag
Hepliaklqana
Kikubaaqudgha
Makhleb
Okawaru
Qazlal
Ru
Sif Muna
Trog
Uskayaw
Xom
Yredelemnul
The Shining One

Shops:
D:8 *


Innate Abilities, Weirdness & Mutations

You have a pair of horns on your head.
You reflexively headbutt those who attack you in melee.


Message History

Trog accepts your kill.
You are no longer berserk.
You are exhausted.
You feel yourself slow down.
The hobgoblin hits you but does no damage.
The orc warrior barely misses you.
The orc warlord hits you with a +4 executioner's axe!!
There is an open door, spattered with blood here.
Items here: )))))) [[[[[[ ††.
You slice the orc warlord!!
You headbutt the orc warlord, but do no damage.
The orc warlord is lightly wounded.
You hit the orc warrior. You slash the hobgoblin!
You kill the hobgoblin!
Trog accepts your kill. The orc warlord barely misses you.
You furiously retaliate!
You headbutt the orc warlord.
The orc warrior hits you with a +0 war axe.
The hobgoblin barely misses you.
The orc warrior hits you with a +0 war axe!
The orc warlord closely misses you. You furiously retaliate!
You headbutt the orc warlord, but do no damage.
You slash the orc warlord! Your headbutt misses the orc warlord.
The orc warlord is moderately wounded.
You slash the hobgoblin!
You kill the hobgoblin!
Trog accepts your kill.
You slash the orc warrior!
The orc warlord hits you with a +4 executioner's axe!!!
The orc warrior hits you with a +0 war axe!
* * * LOW HITPOINT WARNING * * *
The orc warlord hits you but does no damage.
The orc warrior hits you with a +0 war axe!
* * * LOW HITPOINT WARNING * * *
You slash the orc warlord!
The orc warlord is heavily wounded.
You hit the orc warrior.
Your skin stops crawling.
You feel less strong-willed.
The orc warlord hits you with a +4 executioner's axe!!
You die...

#...........#........))
#...).......#........).
###.).......###.......).
###.#)#.....###.###.....#'
###...))###.###....
###.###.
##.........###......
###...
#..........8##...... #....
#..........8#)...... #....
#∩....⌠.....@o...... #....
#..........8#o...... #....
#..........8##...... #....
##.........## ...... ##...
###.....### #.... ###.
###.#+# ##.# #+ ### #


You could see an orc warlord and an orc warrior (strong).

Vanquished Creatures
  A gargoyle (D:7)
  Joseph (D:7)
  Prince Ribbit (D:5)
  9 yaks
  A steam dragon (D:4)
  A wyvern (D:7)
  Menkaure (D:4)
  Edmund (D:5)
  A water moccasin (D:6)
  Duvessa (D:6)
  12 orc warriors (Bailey)
  A black bear (D:5)
  3 ogres
  A centaur (D:8)
  A phantom (D:6)
  4 kobold brigands
  A gnoll sergeant (D:7)
  2 bullfrogs (D:8)
  2 scorpions
  Dowan (D:6)
  4 wights
  3 howler monkeys
  2 jellies (D:6)
  3 orc priests (D:6)
  6 hounds
  2 gnoll boudas
  Ijyb (D:4)
  5 iguanas
  An orc wizard (D:6)
  13 gnolls
  2 adders
  A shadow imp (D:8)
  A white imp (D:6)
  2 ufetubi (D:6)
  A worm (D:2)
  3 dart slugs
  9 orcs
  4 bats
  7 endoplasms
  2 giant cockroaches
  18 goblins
  10 hobgoblins
  4 jackals (D:4)
  3 quokkas
  5 ball pythons
  3 frilled lizards
  24 kobolds
  6 rats
191 creatures vanquished.

Notes
Turn   | Place    | Note
-------+----------+-------------------------------------------
     0 | D:1      | RascalDebosk the Minotaur Berserker began the quest for the
                  | Orb.
     0 | D:1      | Reached XP level 1. HP: 19/19 MP: 0/0
   511 | D:1      | Reached XP level 2. HP: 27/27 MP: 1/1
  1555 | D:2      | Reached XP level 3. HP: 26/33 MP: 2/2
  2189 | D:3      | Reached ** piety under Trog
  2203 | D:3      | Found a basalt altar of Yredelemnul.
  2651 | D:4      | Noticed Menkaure
  2659 | D:4      | Reached XP level 4. HP: 40/40 MP: 3/3
  2660 | D:4      | Killed Menkaure
  2661 | D:4      | Reached skill level 1 in Throwing
  2661 | D:4      | Reached skill level 1 in Evocations
  2661 | D:4      | Reached XP level 5. HP: 47/47 MP: 4/4
  2676 | D:4      | Reached XP level 6. HP: 53/55 MP: 5/5
  2717 | D:4      | Reached skill level 5 in Fighting
  2717 | D:4      | Reached skill level 5 in Axes
  3023 | D:4      | Noticed Ijyb
  3030 | D:4      | Killed Ijyb
  3269 | D:4      | Noticed a steam dragon
  3277 | D:4      | Killed a steam dragon
  3278 | D:4      | Reached XP level 7. HP: 40/61 MP: 6/6
  3733 | D:5      | Entered Level 5 of the Dungeon
  4154 | D:5      | Noticed Edmund
  4162 | D:5      | Killed Edmund
  4163 | D:5      | Reached skill level 5 in Armour
  4348 | D:5      | Found a burning altar of Makhleb.
  4928 | D:5      | Found a blossoming altar of Fedhas.
  4928 | D:5      | Noticed Prince Ribbit
  4932 | D:5      | Killed Prince Ribbit
  4933 | D:5      | Reached XP level 8. HP: 71/71 MP: 7/7
  5065 | D:6      | Found a bloodstained altar of Trog.
  5436 | D:6      | Found a staircase to the Ecumenical Temple.
  5442 | Temple   | Entered the Ecumenical Temple
  6276 | D:6      | Reached XP level 9. HP: 79/79 MP: 8/8
  6343 | D:6      | Found an opulent altar of Gozag.
  6487 | D:6      | Reached skill level 5 in Throwing
  6686 | D:6      | Noticed Dowan
  6690 | D:6      | Noticed Duvessa
  6701 | D:6      | Found a glowing golden altar of the Shining One.
  6703 | D:6      | Killed Dowan
  6705 | D:6      | Killed Duvessa
  7187 | D:7      | Reached skill level 5 in Evocations
  7346 | D:7      | Noticed a gargoyle
  7354 | D:7      | Killed a gargoyle
  7636 | D:7      | Noticed Joseph
  7664 | D:7      | Killed Joseph
  8606 | D:8      | Found Saibiket's Assorted Antiques.
  8624 | D:7      | Reached XP level 10. HP: 12/90 MP: 9/9
  8627 | D:7      | HP: 4/90 [poisoned by a gnoll sergeant]
  8994 | D:8      | Bought a tapered bronze wand for 104 gold pieces
  8994 | D:8      | Bought a thick beryl amulet for 130 gold pieces
  8994 | D:8      | Bought a scroll of identify for 52 gold pieces
  8994 | D:8      | Bought a sapphire potion for 23 gold pieces
  9442 | D:9      | Found a flagged portal.
  9622 | D:9      | Reached *** piety under Trog
  9863 | Bailey   | Entered a bailey
 10213 | Bailey   | Noticed an orc warlord
 10232 | Bailey   | Demolished by an orc warlord

Illustrated notes

Levels and vault maps discovered:
D:1:      minmay_arrival_four_circles, layout_basic, minmay_statues_item
D:2:      layout_basic
D:3:      layout_basic, lemuel_coloured_pillars_altar
D:4:      layout_loops_cross, serial_glass, glass_columns_b, glass_columns_b,
          glass_columns_b, glass_columns_a, glass_columns_c, glass_columns_b,
          uniq_menkaure, uniq_ijyb
D:5:      layout_loops_ring, makhleb_blood_cavern_becter, lemuel_doored_altar,
          uniq_prince_ribbit1, uniq_edmund
D:6:      minmay_diamond_boxcup, layout_basic, grunt_gozag_breadcrumbs,
          mainiacjoe_overflow_brackets, mainiacjoe_overflow_surrounded_room,
          minmay_temple_entry_butterflies, hangedman_abyss_or_decor_lesser_grid,
          uniq_duvessa
D:7:      layout_rooms, uniq_joseph
D:8:      layout_rooms, serial_shops, shop
D:9:      layout_basic, lemuel_crystal_altar,
          mainiacjoe_overflow_concentric_impassable, orc_0_dummy,
          enter_bailey_3, small_statue_intersection, kennysheep_generic_room_8
Temple:   chequers_temple_sunken
Bailey:   bailey_axe_minmay_hex_keep, bailey

Skill      XL: |  1  2  3  4  5  6  7  8  9 10 |
---------------+-------------------------------+-----
Axes           | 4 5 6 7 8 9 |  9.4
Fighting       | 4 5 6 7 8 9 |  9.4
Armour         | 3 4 5 6 8 9 |  9.0
Throwing       | 1 2 3 4 6 |  6.9
Evocations     | 1 2 3 4 5 6 |  6.3
Dodging        | |  2.8

Action                   |  1- 3 |  4- 6 |  7- 9 | 10-12 || total
-------------------------+-------+-------+-------+-------++-------
Melee: Hand axe          |   101 |    30 |     6 |       ||   137
       Headbutt          |    13 |     7 |    35 |    19 ||    74
       Battleaxe         |       |       |   163 |   105 ||   268
Throw: Boomerang         |       |       |    18 |       ||    18
       Javelin           |       |       |     5 |     3 ||     8
       Dart              |       |       |       |     1 ||     1
Invok: Berserk           |     1 |     2 |     9 |     3 ||    15
       Trog's Hand       |     1 |       |     3 |     4 ||     8
  Use: Scroll            |     6 |       |    10 |     5 ||    21
       Potion            |       |       |     2 |     2 ||     4
Armor: Animal skin       |     8 |       |       |       ||     8
       Leather armour    |     7 |     1 |       |       ||     8
       Chain mail        |       |     6 |    18 |       ||    24
       Plate armour      |       |       |   109 |    59 ||   168
Dodge: Dodged            |    63 |    20 |   115 |    39 ||   237
